Map: Pillars of Gold LE

Players

RagnaroK (SHIN)

  • Race: Zerg Zerg
  • Spawn Location: 7:00

Neeb - Winner!

  • Race: Protoss Protoss
  • Spawn Location: 1:00

Event: IEM Katowice 2021

VOD

Have the link to the VOD?

Description

Time

  • Played on: Feb. 25, 2021, 8:10 a.m.
  • Length: 8:30

All games in this series

Show
View Real Time Build Order
Export as new Build Order

RagnaroK Zerg 

Build Orders: Hatch First 

Get SALT Encoding   

  12  0:00  Drone  
  13  0:12  Overlord  
  13  0:17  Drone  
  14  0:31  Drone x2  
  16  0:40  Drone  
  17  0:55  Hatchery  
  17  0:56  Drone  
  17  0:59  Drone  
  18  1:09  Extractor  
  17  1:15  Spawning Pool  
  16  1:19  Drone  
  16  1:22  Drone  
  18  1:29  Drone  
  19  1:43  Drone  
  20  1:57  Hatchery  
  19  2:01  Queen  
  19  2:05  Zergling x2  
  22  2:09  Zergling x2  
  22  2:12  Zergling x2  
  24  2:23  Queen  
  26  2:30  Overlord  
  26  2:37  Drone x2  
  26  2:43  Metabolic Boost  
  28  2:49  Drone  
  29  2:54  Drone x2  
  31  2:58  Drone  
  31  3:04  Drone  
  33  3:13  Overlord  
  33  3:14  Drone  
  33  3:15  Drone  
  33  3:18  Drone  
  36  3:24  Overlord  
  36  3:35  Hatchery  
  36  3:38  Drone  
  36  3:39  Drone  
  37  3:44  Queen  
  39  3:49  Drone x2  
  39  3:52  Drone  
  39  3:55  Drone x2  
  44  3:57  Zergling x2  
  44  3:58  Zergling x2  
  44  4:00  Zergling x2  
  44  4:02  Zergling x2  
  48  4:06  Zergling x4  
  48  4:08  Zergling x2  
  48  4:09  Zergling x2  
  52  4:14  Spore Crawler  
  52  4:15  Drone  
  52  4:17  Overlord  
  52  4:20  Overlord  
  52  4:30  Overlord  
  52  4:35  Queen  
  52  4:37  Drone  
  52  4:38  Drone x2  
  57  4:41  Drone  
  57  4:42  Drone  
  59  4:48  Drone  
  58  4:53  Drone x5  
  58  4:54  Queen  
  58  4:58  Spore Crawler  
  58  4:59  Drone x3  
  65  5:02  Drone  
  66  5:09  Roach Warren  
  66  5:13  Queen  
  67  5:16  Drone x3  
  70  5:22  Extractor  
  70  5:24  Extractor, Drone x5  
  73  5:29  Lair  
  73  5:34  Drone x3  
  74  5:37  Overlord x2  
  74  5:42  Overlord  
  74  5:44  Overlord  
  74  5:53  Extractor  
  74  5:56  Drone x11  
  84  6:01  Extractor x2  
  82  6:06  Drone x4  
  86  6:21  Drone x3  
  86  6:24  Overlord  
  89  6:27  Hydralisk Den  
  89  6:30  Spire  
  89  6:31  Zergling x16  
  95  6:38  Queen  
  97  6:43  Overlord  
  97  6:44  Hatchery  
  96  6:54  Drone  
  96  6:55  Overlord  
  97  7:03  Overlord, Grooved Spines  
  97  7:04  Hydralisk x8  
  97  7:08  Hydralisk  
  107  7:19  Hydralisk x3  
  107  7:22  Zergling x8  
  117  7:28  Drone  
  118  7:31  Overlord  
  118  7:35  Overseer  
  118  7:37  Drone x3  
  118  7:38  Drone x2  
  118  7:42  Queen  
  118  7:43  Hydralisk  
  126  7:46  Hydralisk  
  126  7:50  Zergling x8  
  132  7:53  Extractor  
  132  7:55  Extractor  
  121  8:00  Hydralisk  
  121  8:01  Hydralisk x5  
  122  8:10  Zergling x12  
Show
View Real Time Build Order
Export as new Build Order

Neeb Protoss - Winner!

Build Orders: Zealot Archon 

Get SALT Encoding   

  12  0:00  Probe  
  13  0:12  Probe  
  14  0:19  Pylon  
  14  0:24  Probe  
  15  0:37  Probe (Chrono Boost)  
  16  0:47  Probe (Chrono Boost)  
  17  0:52  Probe (Chrono Boost)  
  18  1:07  Nexus  
  18  1:09  Probe  
  19  1:23  Forge  
  20  1:36  Gateway  
  20  1:38  Pylon  
  19  1:40  Probe  
  20  1:53  Pylon  
  20  1:57  Photon Cannon  
  20  2:06  Assimilator  
  21  2:10  Photon Cannon  
  21  2:11  Probe  
  21  2:20  Probe  
  22  2:24  Cybernetics Core  
  22  2:25  Probe  
  23  2:30  Zealot (Chrono Boost)  
  23  2:35  Probe  
  26  2:38  Probe  
  26  2:42  Assimilator  
  27  2:47  Probe (Chrono Boost)  
  29  2:54  Probe (Chrono Boost)  
  29  2:57  Adept (Chrono Boost)  
  29  2:59  Probe (Chrono Boost)  
  29  3:04  Probe x2 (Chrono Boost)  
  32  3:10  Photon Cannon  
  33  3:14  Probe  
  33  3:15  Probe  
  35  3:22  Adept  
  37  3:27  Probe (Chrono Boost)  
  37  3:30  Probe (Chrono Boost)  
  37  3:33  Stargate  
  39  3:37  Warp Gate  
  39  3:38  Probe (Chrono Boost)  
  39  3:40  Probe (Chrono Boost)  
  41  3:44  Probe (Chrono Boost)  
  41  3:45  Pylon, Probe (Chrono Boost)  
  43  3:54  Probe  
  44  3:57  Probe  
  45  4:07  Nexus  
  45  4:08  Void Ray (Chrono Boost)  
  45  4:09  Probe  
  46  4:10  Probe  
  51  4:20  Pylon  
  51  4:22  Probe  
  51  4:23  Probe  
  53  4:26  Assimilator  
  53  4:29  Assimilator  
  53  4:34  Probe  
  53  4:35  Gateway  
  54  4:38  Probe  
  54  4:43  Oracle (Chrono Boost)  
  54  4:44  Pylon  
  58  4:47  Probe  
  59  5:00  Probe  
  59  5:02  Pylon, Nexus  
  59  5:03  Shield Battery  
  59  5:06  Gateway  
  60  5:09  Twilight Council  
  60  5:11  Void Ray, Probe  
  61  5:20  Probe  
  66  5:24  Probe  
  66  5:26  Sentry  
  69  5:30  Robotics Facility  
  69  5:33  Probe  
  70  5:37  Gateway, Probe  
  70  5:39  Gateway  
  71  5:45  Probe  
  71  5:46  Charge  
  71  5:47  Protoss Ground Weapons Level 1 (Chrono Boost)  
  71  5:49  Probe  
  73  5:50  Void Ray (Chrono Boost)  
  74  5:57  Probe  
  78  6:13  Gateway  
  78  6:14  Probe x2 (Chrono Boost)  
  78  6:15  Probe (Chrono Boost)  
  78  6:16  Gateway  
  78  6:17  Assimilator  
  78  6:19  Sentry, Observer  
  78  6:22  Assimilator  
  78  6:24  Gateway  
  81  6:26  Probe (Chrono Boost)  
  81  6:31  Probe x2 (Chrono Boost)  
  84  6:34  Probe (Chrono Boost)  
  84  6:35  Pylon  
  84  6:36  Templar Archives, Probe (Chrono Boost)  
  86  6:40  Probe  
  86  6:43  Probe  
  86  6:46  Probe  
  89  6:53  Probe, Gateway  
  90  6:55  Gateway  
  90  6:56  Warp Prism  
  90  6:58  Gateway  
  92  7:01  Photon Cannon  
  92  7:08  Pylon  
  92  7:10  Pylon  
  92  7:11  Zealot x2, Sentry  
  92  7:13  Zealot  
  92  7:20  Photon Cannon  
  92  7:22  Pylon  
  92  7:23  Photon Cannon  
  92  7:24  High Templar  
  92  7:26  High Templar x2  
  92  7:27  High Templar  
  100  7:30  Archon  
  100  7:32  Archon  
  100  7:33  Zealot x3  
  106  7:38  Pylon  
  106  7:42  Pylon  
  106  7:48  High Templar x2  
  110  7:51  Zealot  
  110  7:52  Archon  
  110  7:54  Zealot  
  112  7:58  Zealot x6  
  112  8:01  Probe  
  125  8:15  Zealot x3  
  119  8:20  Zealot x3  
  119  8:21  Zealot  
  119  8:25  High Templar x4  

Tags
 
Add a new tag
Caveats
  • Supply blocks, unpowered buildings, or Contaminate may cause inaccurate times.
  • Supply counts are checked every 10 seconds.